 Dungeon Crawl Stone Soup version 0.30.1-3-gfc49f6343a (webtiles) character file.

Game seed: 4470776436207913224

41954 kitiara the Spear-Bearer (level 14, -4/113 HPs)
             Began as a Gnoll Cinder Acolyte on July 17, 2023.
             Was a Priest of Zin.
             Collided with a rock wall (9 damage)
             ... caused by a wretched star
             ... on level 2 of the Abyss on July 19, 2023.
             The game lasted 03:57:56 (14460 turns).

kitiara the Spear-Bearer (Gnoll Cinder Acolyte)    Turns: 14460, Time: 03:57:58

Health: -4/113     AC: 21    Str: 15    XL:     14   Next: 17%
Magic:  18/22      EV: 17    Int: 16    God:    Zin [***...]
Gold:   288        SH:  0    Dex:  5    Spells: 20/32 levels left

rFire   . . .        a - +5 quarterstaff "Gewoismo" {venom, rElec rF+}
rCold   . . .        (shield currently unavailable)
rNeg    . . .        i - +4 troll leather armour
rPois   .            W - +2 helmet
rElec   +            r - +0 cloak
rCorr   .            (no gloves)
SInv    .            p - +0 pair of boots
Will    +....        Y - amulet of the acrobat
Stlth   +++          l - +5 ring of evasion
HPRegen 1.18/turn    c - ring of protection from fire
MPRegen 0.18/turn

%: acrobat
@: ice-armoured, hasted, unable to read, fire susceptible, unable to drink, very
quick
A: fangs 1, strong nose, distributed training, [clumsy 2], [deterioration 2],
[low MP 2], [inability to drink after injury 2], [inability to read after injury
2]
a: Renounce Religion, Recite, Vitalisation, Imprison, Donate Gold


You were on level 2 of the Abyss.
You worshipped Zin.
Zin was most pleased with you.
You visited 4 branches of the dungeon, and saw 18 of its levels.
You visited the Abyss 1 time.

You collected 1027 gold pieces.
You donated 739 gold pieces to Zin.

Inventory:

Hand Weapons
 a - the +5 quarterstaff "Gewoismo" (weapon) {venom, rElec rF+}
   (You found it on level 2 of the Lair of Beasts)

   rF:        It protects you from fire.
   rElec:     It insulates you from electricity.
 b - a +0 arbalest
 m - the +7 sling of Tioph {drain, rElec rPois rC- Dex+6}
   (You found it on level 4 of the Lair of Beasts)

   Dex:       It affects your dexterity (+6).
   rC:        It makes you vulnerable to cold.
   rElec:     It insulates you from electricity.
   rPois:     It protects you from poison.
   Zin disapproves of the use of such an item.
 D - a +2 dagger of protection
 L - the +6 mace "Buxir" {flame, Int+4}
   (You found it on level 2 of the Dungeon)

   Int:       It affects your intelligence (+4).
 T - a +4 battleaxe
Missiles
 j - a throwing net
 F - 10 boomerangs
 M - 23 poisoned darts (quivered)
 N - 4 javelins
 S - 2 silver boomerangs
Armour
 i - a +4 troll leather armour (worn)
 p - a +0 pair of boots (worn)
 r - a +0 cloak (worn)
 O - a +0 robe of the Archmagi
 W - a +2 helmet (worn)
 X - a +3 scale mail of fire resistance
Magical Staves
 f - a staff of air
Jewellery
 c - a ring of protection from fire (right hand)
 h - a ring of protection from cold
 l - a +5 ring of evasion (left hand)
 s - the ring "Oklero" {EV+5 Str-4 Dex+3 Slay+3}
   (You found it on level 2 of the Dungeon)

   [ring of evasion]

   EV:        It affects your evasion (+5).
   Str:       It affects your strength (-4).
   Dex:       It affects your dexterity (+3).
   Slay:      It affects your accuracy & damage with ranged weapons and melee
   (+3).
 E - a +6 ring of strength
 I - an amulet of magic regeneration
 Y - an amulet of the acrobat (around neck)
Wands
 n - a wand of flame (15)
 x - a wand of acid (9)
 G - a wand of polymorph (5)
 V - a wand of mindburst (5)
Scrolls
 e - a scroll of vulnerability {unknown}
 g - 8 scrolls of teleportation
 k - a scroll of amnesia
 o - 2 scrolls of enchant weapon
 t - a scroll of immolation {unknown}
 u - 4 scrolls of fear
 w - 3 scrolls of fog
 y - 2 scrolls of poison {unknown}
 A - 2 scrolls of enchant armour
 B - a scroll of brand weapon {unknown}
 C - a scroll of summoning {unknown}
 U - a scroll of acquirement {unknown}
Potions
 d - a potion of mutation {unknown}
 q - a potion of resistance {unknown}
 v - 3 potions of curing
 z - a potion of heal wounds
 H - 3 potions of brilliance
 J - 5 potions of ambrosia
 K - a potion of haste
 P - 2 potions of invisibility {unknown}
 Q - 2 potions of flight
 R - 2 potions of lignification {unknown}
 Z - a potion of cancellation


   Skills:
 + Level 11.3 Fighting
 + Level 9.3 Short Blades
 + Level 9.3 Long Blades
 + Level 9.3 Axes
 + Level 9.3 Maces & Flails
 + Level 11.3 Polearms
 + Level 9.3 Staves
 + Level 9.3 Ranged Weapons
 + Level 9.3 Throwing
 + Level 9.3 Armour
 + Level 9.3 Dodging
 + Level 9.3 Stealth
 + Level 9.3 Shields
 + Level 9.3 Unarmed Combat
 + Level 9.8 Spellcasting
 + Level 7.8 Conjurations
 + Level 7.8 Hexes
 + Level 7.8 Summonings
 + Level 7.8 Necromancy
 + Level 7.8 Translocations
 + Level 7.8 Transmutations
 + Level 9.6 Fire Magic
 + Level 7.8 Ice Magic
 + Level 7.8 Air Magic
 + Level 7.8 Earth Magic
 + Level 7.8 Poison Magic
 + Level 10.2 Invocations
 + Level 9.3 Evocations


You had 20 spell levels left.
You knew the following spells:

 Your Spells              Type           Power      Damage    Failure   Level
a - Scorch                Fire           76%        2d8       1%          2
b - Volatile Blastmotes   Fire/Tloc      70%        2d15      1%          3
c - Flame Wave            Conj/Fire      35%        2d10      3%          4
d - Ozocubu's Armour      Ice            32%        N/A       1%          3

Your spell library contained the following spells:

 Spells                   Type           Power      Damage    Failure   Level
 Dazzling Flash           Conj/Hex       64%        N/A       1%          3
 Iskenderun's Mystic Bla  Conj/Tloc      32%        2d8       4%          4
 Metabolic Englaciation   Hex/Ice        16%        N/A       12%         5
 Starburst                Conj/Fire      17%        6d6       43%         6
 Simulacrum               Ice/Necr       16%        N/A       56%         6
 Summon Cactus Giant      Summ           16%        N/A       56%         6


Dungeon Overview and Level Annotations

Branches:
Dungeon (11/15)            Temple (1/1) D:6            Lair (5/5) D:9
  Swamp (0/4) Lair:2        Snake (0/4) Lair:2        Slime (0/5) Lair:4
    Orc (1/2) D:11

Altars:
Cheibriados
Dithmenos
Elyvilon
Fedhas
Gozag
Hepliaklqana
Kikubaaqudgha
Okawaru
Ru
Trog
Uskayaw
Yredelemnul
Zin
The Shining One

Annotations:
Orc:1 Sonja


Innate Abilities, Weirdness & Mutations

You have very sharp teeth.
Your uncanny sense of smell can sniff out nearby items.
Your experience applies equally to all skills.
[You are very clumsy. (Dex -4)]
[Your body often deteriorates upon taking damage.]
[Your magical capacity is very low. (-20% MP)]
[You sometimes lose the ability to drink potions when taking damage.]
[You sometimes lose the ability to read scrolls when taking damage.]


Message History

Flames lash the wretched star.
The wretched star resists.
The wretched star is lightly damaged.
The wretched star's fire resistance burns away.
The wretched star pulses with an eldritch light!
You occasionally lose the ability to read scrolls when taking damage.
You lose the ability to read scrolls when taking damage more often.
Casting: Scorch (safe; 1% risk of failure)
Confirm with . or Enter, or press ? or * to list all spells.
A film of ice covers your body!
The wretched star pulses with an eldritch light!
Zin protects your body from mutation!
You feel yourself wasting away.
You feel your body start to fall apart.
You hit the wretched star.
The wretched star is lightly damaged.
You closely miss the wretched star. Your bite misses the wretched star.
The wretched star is lightly damaged.
The wretched star pulses with an eldritch light!
You occasionally lose the ability to drink potions when taking damage.
You lose the ability to drink potions when taking damage more often.
Okay, then.
You closely miss the wretched star.
You bite the wretched star, but do no damage.
The wretched star is lightly damaged.
The wretched star is no longer more vulnerable to fire.
You feel better.
You feel yourself speed up.
The wretched star glows turbulently.
The lance of force hits you.
You are knocked back by the lance of force.
You slam into the rock wall!
You feel threatened and lose the ability to read scrolls!
You feel threatened and lose the ability to drink potions!
You sock the wretched star! Your bite misses the wretched star.
The wretched star is moderately damaged.
The wretched star glows turbulently.
The lance of force hits you!!
* * * LOW HITPOINT WARNING * * *
You are knocked back by the lance of force.
You slam into the rock wall!
You die...

#..#. #.# # #
##.. # .
#.##. #. ...
#####.##.#
#...##..#
.....#.###
#..###*##...#
#@...# #
#.#..## ##
...# .### .#
##


You could see a wretched star.

Vanquished Creatures
  Kirke (Lair:5)
  Josephine (Lair:5)
  A spriggan skeleton (Abyss:2)
  A catoblepas (Lair:3)
  A boulder beetle (Lair:1)
  Urug (Lair:2)
  9 death yaks
  2 skysharks
  25 elephants
  3 black mambas
  7 cane toads
  2 rime drakes (Lair:2)
  3 komodo dragons
  A queen bee (Lair:1)
  2 trolls
  3 blink frogs (Lair:5)
  3 polar bears (Lair:2)
  A shadow (D:10)
  5 wraiths
  42 yaks
  4 wyverns
  2 basilisks
  3 hogs (Lair:5)
  2 steam dragons (D:8)
  3 nagas (Lair:2)
  An acid dragon (D:10)
  12 water moccasins
  4 sky beasts
  An ice beast (D:5)
  10 orc warriors
  4 black bears
  A centaur (D:9)
  8 wolves (Lair:2)
  A phantom (D:6)
  4 kobold brigands
  15 bullfrogs
  Blork the orc (D:5)
  2 scorpions
  9 wights
  24 killer bees (Lair:1)
  A howler monkey (D:8)
  9 jellies
  A gnoll bouda (D:4)
  7 orc priests
  A sleepcap (D:6)
  3 hounds
  2 iguanas (D:5)
  14 orc wizards
  7 gnolls (D:4)
  5 adders
  2 shadow imps (D:6)
  5 white imps
  2 worms
  2 dart slugs
  74 orcs
  10 ball pythons
  6 endoplasms
  3 giant cockroaches
  10 hobgoblins
  5 jackals
  A quokka (D:1)
  5 bats
  3 frilled lizards
  6 goblins
  19 kobolds
  5 rats
  A spectral orc (D:3)
434 creatures vanquished.

Vanquished Creatures (others)
  A hydra (Lair:5)
  2 humans (Lair:5)
3 creatures vanquished.

Grand Total: 437 creatures vanquished

Notes
Turn   | Place    | Note
-------+----------+-------------------------------------------
     0 | D:1      | kitiara the Gnoll Cinder Acolyte began the quest for the
                  | Orb.
     0 | D:1      | Reached XP level 1. HP: 23/23 MP: 4/4
   107 | D:1      | Reached XP level 2. HP: 26/29 MP: 5/5
   302 | D:1      | Learned a level 2 spell: Scorch
   708 | D:1      | Reached XP level 3. HP: 35/35 MP: 4/7
   943 | D:2      | Identified the +6 mace "Buxir" {flame, Int+4}
   999 | D:2      | Reached skill level 1 in Invocations
  1029 | D:2      | Found a shadowy altar of Dithmenos.
  1185 | D:2      | Reached skill level 1 in Short Blades
  1185 | D:2      | Reached skill level 1 in Long Blades
  1185 | D:2      | Reached skill level 1 in Axes
  1185 | D:2      | Reached skill level 1 in Maces & Flails
  1185 | D:2      | Reached skill level 1 in Staves
  1185 | D:2      | Reached skill level 1 in Ranged Weapons
  1185 | D:2      | Reached skill level 1 in Throwing
  1185 | D:2      | Reached skill level 1 in Armour
  1185 | D:2      | Reached skill level 1 in Dodging
  1185 | D:2      | Reached skill level 1 in Stealth
  1185 | D:2      | Reached skill level 1 in Shields
  1185 | D:2      | Reached skill level 1 in Unarmed Combat
  1185 | D:2      | Reached skill level 1 in Evocations
  1336 | D:2      | Identified the ring "Oklero" {EV+5 Str-4 Dex+3 Slay+3}
  1483 | D:2      | Reached XP level 4. HP: 41/41 MP: 5/8
  2115 | D:3      | Reached skill level 1 in Conjurations
  2115 | D:3      | Reached skill level 1 in Hexes
  2115 | D:3      | Reached skill level 1 in Summonings
  2115 | D:3      | Reached skill level 1 in Necromancy
  2115 | D:3      | Reached skill level 1 in Translocations
  2115 | D:3      | Reached skill level 1 in Transmutations
  2115 | D:3      | Reached skill level 1 in Ice Magic
  2115 | D:3      | Reached skill level 1 in Air Magic
  2115 | D:3      | Reached skill level 1 in Earth Magic
  2115 | D:3      | Reached skill level 1 in Poison Magic
  2284 | D:3      | Found a basalt altar of Yredelemnul.
  2552 | D:4      | Reached XP level 5. HP: 47/47 MP: 4/9
  2789 | D:4      | Reached XP level 6. HP: 42/53 MP: 4/11
  3253 | D:4      | Found a bloodstained altar of Trog.
  3534 | D:5      | Entered Level 5 of the Dungeon
  3539 | D:5      | Reached XP level 7. HP: 60/60 MP: 9/12
  3635 | D:5      | Noticed Blork the orc
  3644 | D:5      | Killed Blork the orc
  3757 | D:5      | Reached XP level 8. HP: 54/67 MP: 6/14
  4051 | D:5      | You fall into a shaft and drop 1 floor!
  4357 | D:6      | Found a staircase to the Ecumenical Temple.
  5282 | D:7      | Reached XP level 9. HP: 69/73 MP: 14/16
  5343 | D:7      | Reached skill level 5 in Spellcasting
  5592 | D:7      | Noticed a troll
  5608 | D:7      | HP: 1/74 [troll (7)]
  5874 | D:7      | Upgraded the game from 0.30.1-1-g62c8e00024 to
                  | 0.30.1-3-gfc49f6343a
  6106 | D:7      | Killed a troll
  6207 | D:7      | Reached skill level 5 in Invocations
  6298 | D:7      | Identified the +8 whip of Joziof {vamp, Fragile Dex+4 SInv}
  6917 | D:8      | Found an opulent altar of Gozag.
  6928 | D:8      | Reached skill level 5 in Short Blades
  6928 | D:8      | Reached skill level 5 in Long Blades
  6928 | D:8      | Reached skill level 5 in Axes
  6928 | D:8      | Reached skill level 5 in Maces & Flails
  6928 | D:8      | Reached skill level 5 in Staves
  6928 | D:8      | Reached skill level 5 in Ranged Weapons
  6928 | D:8      | Reached skill level 5 in Throwing
  6928 | D:8      | Reached skill level 5 in Armour
  6928 | D:8      | Reached skill level 5 in Dodging
  6928 | D:8      | Reached skill level 5 in Stealth
  6928 | D:8      | Reached skill level 5 in Shields
  6928 | D:8      | Reached skill level 5 in Unarmed Combat
  6928 | D:8      | Reached skill level 5 in Evocations
  6928 | D:8      | Reached XP level 10. HP: 81/81 MP: 14/18
  7110 | D:8      | Found a glowing silver altar of Zin.
  7111 | D:8      | Noticed an angel
  7119 | D:8      | Identified the +0 scale mail of Bitterness {rElec rF+ Str-2
                  | Int+3}
  7148 | D:8      | Found an ancient bone altar of Kikubaaqudgha.
  7610 | D:9      | Found a white marble altar of Elyvilon.
  7617 | D:9      | Found a hide-covered altar of Uskayaw.
  7658 | D:9      | Noticed a death yak
  7663 | D:9      | Noticed a death yak
  7672 | D:9      | Noticed a death yak
  7674 | D:9      | Noticed a death yak
  7674 | D:9      | Noticed a death yak
  7675 | D:9      | Noticed a death yak
  7676 | D:9      | Noticed a death yak
  7677 | D:9      | Noticed a death yak
  7678 | D:9      | Noticed a death yak
  7693 | D:10     | Entered Level 10 of the Dungeon
  7709 | D:10     | Killed a death yak
  7748 | D:10     | Found a snail-covered altar of Cheibriados.
  7988 | D:10     | Found a glowing golden altar of the Shining One.
  7995 | D:10     | Learned a level 3 spell: Volatile Blastmotes
  8180 | D:9      | Found a staircase to the Lair.
  8426 | Lair:1   | Entered Level 1 of the Lair of Beasts
  8426 | Lair:1   | Noticed a catoblepas
  8642 | D:9      | Killed a death yak
  8643 | D:9      | Reached skill level 5 in Conjurations
  8643 | D:9      | Reached skill level 5 in Hexes
  8643 | D:9      | Reached skill level 5 in Summonings
  8643 | D:9      | Reached skill level 5 in Necromancy
  8643 | D:9      | Reached skill level 5 in Translocations
  8643 | D:9      | Reached skill level 5 in Transmutations
  8643 | D:9      | Reached skill level 5 in Ice Magic
  8643 | D:9      | Reached skill level 5 in Air Magic
  8643 | D:9      | Reached skill level 5 in Earth Magic
  8643 | D:9      | Reached skill level 5 in Poison Magic
  8712 | D:9      | Killed a death yak
  8713 | D:9      | Reached XP level 11. HP: 81/89 MP: 21/21
  8748 | D:9      | Killed a death yak
  8758 | D:9      | Killed a death yak
  8774 | D:9      | Killed a death yak
  8780 | D:9      | Killed a death yak
  8796 | D:9      | Killed a death yak
  8810 | D:9      | Killed a death yak
  9090 | Lair:1   | Noticed a boulder beetle
  9117 | Lair:1   | Killed a boulder beetle
  9379 | Lair:1   | Learned a level 4 spell: Flame Wave
  9418 | Lair:1   | Reached XP level 12. HP: 97/97 MP: 23/23
  9468 | Lair:1   | Learned a level 3 spell: Ozocubu's Armour
  9812 | Lair:1   | Reached skill level 10 in Fighting
  9812 | Lair:1   | Reached skill level 10 in Polearms
  9988 | Lair:2   | Noticed Urug
 10053 | Lair:2   | Killed Urug
 10197 | Lair:2   | Identified the +5 quarterstaff "Gewoismo" {venom, rElec
                  | rF+}
 10250 | Lair:2   | Found a staircase to the Snake Pit.
 10510 | Lair:2   | Found a staircase to the Swamp.
 10727 | Lair:2   | Reached XP level 13. HP: 104/104 MP: 14/25
 11327 | Lair:3   | You fall into a shaft and drop 2 floors!
 11327 | Lair:5   | Entered Level 5 of the Lair of Beasts
 11441 | Lair:4   | Noticed Josephine
 11480 | Lair:5   | Killed Josephine
 11487 | Lair:5   | HP: 5/105 [electric eel/bolt of electricity (5)]
 11529 | Lair:5   | Noticed Kirke
 11565 | Lair:5   | Killed Kirke
 12245 | Lair:4   | Identified the +7 sling of Tioph {drain, rElec rPois rC-
                  | Dex+6}
 12410 | Lair:4   | Reached XP level 14. HP: 93/113 MP: 24/27
 12496 | Lair:3   | Reached skill level 10 in Invocations
 12585 | Lair:4   | Found a staircase to the Slime Pits.
 13433 | Temple   | Entered the Ecumenical Temple
 13533 | D:8      | Fell from the grace of Ignis
 13533 | D:8      | Became a worshipper of Zin the Law-Giver
 13533 | D:8      | Reached * piety under Zin
 13533 | D:8      | Reached ** piety under Zin
 13534 | D:8      | Donated 420 gold pieces to Zin
 13584 | D:9      | Reached *** piety under Zin
 13687 | D:10     | Donated 217 gold pieces to Zin
 13732 | D:10     | Found a sacrificial altar of Ru.
 13735 | D:10     | Found a shadowy altar of Dithmenos.
 13735 | D:10     | Found a hazy altar of Hepliaklqana.
 14085 | D:11     | Found a staircase to the Orcish Mines.
 14217 | Orc:1    | Entered Level 1 of the Orcish Mines
 14270 | Orc:1    | Noticed Sonja
 14390 | Abyss:2  | Cast into level 2 of the Abyss (Sonja)
 14421 | Abyss:2  | Noticed a tentacled starspawn
 14460 | Abyss:2  | HP: 5/113 [wretched star/lance of force (30)]
 14460 | Abyss:2  | Collided with a rock wall

Illustrated notes

Levels and vault maps discovered:
D:1:      mrwooster_arrival_statue_3, layout_basic
D:2:      layout_basic, basic_altar
D:3:      layout_loops_cross, yredelemnul_forgotten_temple_becter,
          minmay_misc_feat_more_columns, chequers_serial_rivers_small_3
D:4:      layout_basic, bloody_trog
D:5:      layout_loops_cross, nicolae_wu_jian_immortal_techniques,
          mrwooster_statue_mirror, serial_bayou_pond_d, uniq_blork_the_orc
D:6:      layout_basic, minmay_temple_entry_trees, minivault_26,
          nicolae_eternal_life
D:7:      layout_basic
D:8:      layout_rooms, zin_angel, mainiacjoe_overflow_alcove_2,
          mainiacjoe_overflow_cross_hatched
D:9:      layout_long_grid, mainiacjoe_overflow_big_doors, dpeg_lair_monsters
D:10:     nicolae_hitomezashi [nicolae_hito_row, nicolae_hito_row,
          nicolae_hito_row, nicolae_hito_row, nicolae_hito_row,
          nicolae_hito_row, nicolae_hito_row, nicolae_hito_row,
          nicolae_hito_row, nicolae_hito_row, nicolae_hito_row,
          nicolae_hito_row, nicolae_hito_row, nicolae_hito_row,
          nicolae_hito_row, nicolae_hito_row, nicolae_hito_row,
          nicolae_hito_row], layout_loops_ring, grunt_temple_overflow_open,
          nicolae_tso_carved_into_rock
D:11:     minmay_the_grid_net [minmay_the_grid_expand, minmay_the_grid_gridbox,
          minmay_the_grid_doors, minmay_the_grid_tree, minmay_the_grid_spikes,
          minmay_the_grid_prize_four_corners_diamond_b], layout_loops_ring,
          hiddenorc2_lemuel
Temple:   chequers_temple_sunken
Lair:1:   layout_roguey [special_room_bee]
Lair:2:   layout_chaotic_city, swamp_mist, guppyfry_snake_entry_garden,
          minivault_23, minivault_25, cheibrodos_lair_lostbears, uniq_urug
Lair:3:   layout_regular_city, kennysheep_catoblepas_arena
Lair:4:   pond_and_an_island_with_a_cottage, layout_small_grid,
          minmay_slime_entry_jelly_boxes, grunt_megastairs_4,
          infiniplex_staircase_pool_2, uniq_josephine
Lair:5:   due_jungle_book, layout_regular_city, serial_bayou,
          serial_bayou_shore_b, serial_bayou_lagoon_b, serial_bayou_lake_a,
          serial_bayou_ford_a, uniq_kirke
Orc:1:    layout_diamond_mine, basic_altar, mines1_david, uniq_erica,
          uniq_sonja, uniq_harold, uniq_jorgrun
Abyss:2:  base: D:5, eino_small_chamber_without_monster, minivault_11,
          spicy_abyss_rude_harpoons, hangedman_shadowy_showcase

Skill      XL: |  1  2  3  4  5  6  7  8  9 10 11 12 13 14 |
---------------+-------------------------------------------+-----
Invocations    | 1 2 3 4 5 6 7 8 9 10 | 10.2
Short Blades   | 1 2 3 5 6 7 8 9 |  9.3
Long Blades    | 1 2 3 5 6 7 8 9 |  9.3
Axes           | 1 2 3 5 6 7 8 9 |  9.3
Maces & Flails | 1 2 3 5 6 7 8 9 |  9.3
Staves         | 1 2 3 5 6 7 8 9 |  9.3
Ranged Weapons | 1 2 3 5 6 7 8 9 |  9.3
Throwing       | 1 2 3 5 6 7 8 9 |  9.3
Armour         | 1 2 3 5 6 7 8 9 |  9.3
Dodging        | 1 2 3 5 6 7 8 9 |  9.3
Stealth        | 1 2 3 5 6 7 8 9 |  9.3
Shields        | 1 2 3 5 6 7 8 9 |  9.3
Unarmed Combat | 1 2 3 5 6 7 8 9 |  9.3
Evocations     | 1 2 3 5 6 7 8 9 |  9.3
Spellcasting   | 3 4 5 6 7 8 9 |  9.8
Conjurations   | 1 2 3 4 5 6 7 |  7.8
Hexes          | 1 2 3 4 5 6 7 |  7.8
Summonings     | 1 2 3 4 5 6 7 |  7.8
Necromancy     | 1 2 3 4 5 6 7 |  7.8
Translocations | 1 2 3 4 5 6 7 |  7.8
Transmutations | 1 2 3 4 5 6 7 |  7.8
Ice Magic      | 1 2 3 4 5 6 7 |  7.8
Air Magic      | 1 2 3 4 5 6 7 |  7.8
Earth Magic    | 1 2 3 4 5 6 7 |  7.8
Poison Magic   | 1 2 3 4 5 6 7 |  7.8
Fighting       | 7 8 9 10 11 | 11.3
Polearms       | 7 8 9 10 11 | 11.3
Fire Magic     | 6 7 8 9 |  9.6

Action                     |  1- 3 |  4- 6 |  7- 9 | 10-12 | 13-15 || total
---------------------------+-------+-------+-------+-------+-------++-------
  Melee: Spear             |    40 |       |       |       |       ||    40
         Bite              |     2 |     4 |     7 |   121 |   135 ||   269
         Mace              |     6 |    82 |    51 |       |       ||   139
         Halberd           |       |     5 |     1 |       |       ||     6
         Battleaxe         |       |       |    27 |       |    74 ||   101
         Whip              |       |       |    17 |   693 |   642 ||  1352
         Punch             |       |       |     1 |    39 |    46 ||    86
         Quarterstaff      |       |       |       |       |    71 ||    71
   Fire: Sling             |       |       |     3 |       |       ||     3
         Arbalest          |       |       |       |       |     5 ||     5
  Throw: Boomerang         |       |       |    32 |    20 |       ||    52
         Dart              |       |       |    10 |    43 |    13 ||    66
         Javelin           |       |       |       |       |     1 ||     1
   Cast: Scorch            |    22 |    42 |    94 |    82 |    55 ||   295
         Volatile Blastmot |       |       |       |    12 |       ||    12
         Ozocubu's Armour  |       |       |       |     4 |    14 ||    18
         Flame Wave        |       |       |       |     3 |    10 ||    13
 Invoke: Fiery Armour      |       |     1 |     4 |     3 |       ||     8
         Rising Flame      |       |       |     1 |       |       ||     1
         Recite            |       |       |       |       |     3 ||     3
         Donate Gold       |       |       |       |       |     2 ||     2
         Imprison          |       |       |       |       |     1 ||     1
  Evoke: Wand              |       |       |     4 |     3 |       ||     7
    Use: Potion            |       |     3 |     4 |     4 |     7 ||    18
         Scroll            |       |     3 |     5 |     9 |     3 ||    20
   Stab: Distracted        |       |       |       |       |     1 ||     1
 Armour: Robe              |     6 |    14 |    27 |       |       ||    47
         Troll leather arm |       |       |     6 |    83 |   365 ||   454
  Dodge: Dodged            |    32 |    87 |   118 |   570 |  1011 ||  1818
